 Dungeon Crawl Stone Soup version 0.22-b1-26-g9dbaab1 (webtiles) character file.

177 troglodite the Skirmisher (level 5, -1/42 HPs)
             Began as a Demonspawn Berserker on Aug 7, 2018.
             Was a Priest of Trog.
             Slain by a gnoll (3 damage)
             ... on level 3 of the Dungeon.
             The game lasted 00:06:04 (1587 turns).

troglodite the Skirmisher (Demonspawn Berserker)    Turns: 1587, Time: 00:06:05

Health: -1/42      AC: 11    Str: 17    XL:     5   Next: 30%
Magic:  5/5        EV:  7    Int:  9    God:    Trog [***...]
Gold:   80         SH:  4    Dex: 13    Spells: 4/4 levels left

rFire    . . .     SeeInvis .   a - +0 falchion
rCold    . . .     Gourm    .   g - +0 buckler
rNeg     . . .     Faith    .   n - +0 chain mail
rPois    .         Spirit   .   k - +0 helmet
rElec    .         Reflect  .   (no cloak)
rCorr    .         Harm     .   (no gloves)
MR       .....                  m - +0 pair of boots
Stlth    ..........             (no amulet)
HPRegen  0.14/turn              (no ring)
MPRegen  0.09/turn              (no ring)

@: lethally poisoned (-1 -> -2), berserk cooldown
A: hooves 2
a: Berserk, Trog's Hand, Renounce Religion


You were on level 3 of the Dungeon.
You worshipped Trog.
Trog was most pleased with you.
You were very hungry.

You visited 1 branch of the dungeon, and saw 3 of its levels.

You collected 80 gold pieces.

Inventory:

Hand Weapons
 a - a +0 falchion (weapon)
Armour
 g - a +0 buckler (worn)
 k - a +0 helmet (worn)
 m - a +0 pair of boots (worn)
 n - a +0 chain mail (worn)
Scrolls
 h - 2 scrolls of identify
Potions
 b - 2 potions of flight
 l - a potion of mutation {unknown}
Comestibles
 c - 4 rations
 d - 5 chunks of flesh


   Skills:
 * Level 4.3 Fighting
 + Level 3.3 Long Blades
 * Level 3.0 Armour
 * Level 2.3 Dodging
 + Level 0.1 Stealth
 * Level 1.0 Shields


You had 4 spell levels left.
You didn't know any spells.
Your spell library was empty.

Dungeon Overview and Level Annotations

Branches:
Dungeon (3/15)

Altars:
Dithmenos
Zin


Innate Abilities, Weirdness & Mutations

You have hoof-like feet.


Message History

The gnoll barely misses you.
You slash the gnoll!
The gnoll is heavily wounded.
The gnoll hits you but does no damage. The gnoll closely misses you.
The gnoll hits you but does no damage. x2
You closely miss the gnoll.
You feel sick. The gnoll hits you but does no damage.
The gnoll barely misses you. The gnoll hits you.
* * * LOW HITPOINT WARNING * * *
The gnoll closely misses you.
You riposte.
You slash the gnoll!
The gnoll is heavily wounded.
The gnoll hits you.
* * * LOW HITPOINT WARNING * * *
The gnoll hits you but does no damage.
It was a potion of cancellation.
Your magical effects are unravelling.
You feel magically purged.
You feel yourself speed up. The gnoll hits you but does no damage.
The gnoll hits you.
You die...

....._ #........
#..... ##..#....
#....
#######.......
#...
#..##........#
#.####....#...##.#
#............###.#
#......#.##..# #.#
#gg...##.##..# #.#
#####@g..###.##.##
#.# #......###
#.#..# #......###
#....# .....##
####.. ..### ### #


You could see 3 gnolls.

Vanquished Creatures
  A gnoll shaman (D:3)
  A worker ant (D:3)
  2 gnolls (D:3)
  An adder (D:3)
  A worm (D:2)
  3 dart slugs
  3 leopard geckos
  8 orcs (D:3)
  2 ball pythons
  2 giant cockroaches (D:1)
  15 goblins
  10 hobgoblins
  2 quokkas (D:2)
  6 bats
  6 frilled lizards
  8 kobolds
  6 rats
77 creatures vanquished.

Notes
Turn   | Place    | Note
-------+----------+-------------------------------------------
     0 | D:1      | troglodite the Demonspawn Berserker began the quest for the Orb.
     0 | D:1      | Reached XP level 1. HP: 18/18 MP: 1/1
   105 | D:1      | Gained mutation: You have large cloven feet. [demonic ancestry]
   105 | D:1      | Reached XP level 2. HP: 23/24 MP: 2/2
   375 | D:1      | Reached ** piety under Trog
   470 | D:1      | Reached XP level 3. HP: 29/29 MP: 3/3
  1006 | D:2      | Gained mutation: You have hoof-like feet. [demonic ancestry]
  1006 | D:2      | Reached XP level 4. HP: 36/36 MP: 4/4
  1444 | D:3      | Reached *** piety under Trog
  1465 | D:3      | Reached skill level 1 in Shields
  1530 | D:3      | Found a shadowy altar of Dithmenos.
  1562 | D:3      | Found a glowing silver altar of Zin.
  1573 | D:3      | Reached XP level 5. HP: 42/42 MP: 5/5
  1578 | D:3      | Reached skill level 4 in Fighting
  1586 | D:3      | HP: 2/42 [gnoll (3)]
  1587 | D:3      | Slain by a gnoll

Skill      XL: |  1  2  3  4  5 |
---------------+----------------+-----
Long Blades    | 3 |  3.3
Dodging        | 2 |  2.3
Armour         | 2 3 |  3.0
Shields        | 1 |  1.0
Fighting       | 4 |  4.3
Stealth        | |  0.1

Action                   |  1- 3 |  4- 6 || total
-------------------------+-------+-------++-------
Melee: Falchion          |   126 |    66 ||   192
       Kick              |    28 |       ||    28
Invok: Berserk           |     3 |     2 ||     5
  Use: Scroll            |       |     3 ||     3
       Potion            |       |     1 ||     1
  Eat: Chunk             |     2 |     4 ||     6
Armor: Ring mail         |    57 |    19 ||    76
       Chain mail        |       |    18 ||    18
Dodge: Dodged            |    88 |    56 ||   144
Block: Buckler           |    19 |     8 ||    27
       Rpst.: Falchion   |    17 |    19 ||    36
